 Dungeon Sprint DCSS version 0.27.1-33-g824d729ab1 (webtiles) character file.

Game seed: 12464048843034364038

1818 Hipnos the Scorcher (level 8, -9/42 HPs)
             Began as a Deep Elf Fire Elementalist on Nov 30, 2021.
             Was a Believer of Vehumet.
             Mangled by a deep troll (23 damage)
             ... in the Dungeon (Sprint I: "Red Sonja").
             The game lasted 00:07:21 (1567 turns).

Hipnos the Scorcher (Deep Elf Fire Elementalist)    Turns: 1567, Time: 00:07:22

Health: -9/42      AC:  2    Str:  5    XL:     8   Next: 85%
Magic:  11/25      EV: 14    Int: 23    God:    Vehumet [**....]
Gold:   532        SH:  0    Dex: 15    Spells: 13/30 levels left

rFire    . . .     SeeInvis .   d - +3 scythe (freeze)
rCold    . . .     Faith    .   (shield currently unavailable)
rNeg     . . .     Spirit   .   a - +0 robe
rPois    .         Reflect  .   (no helmet)
rElec    .         Harm     .   (no cloak)
rCorr    .         Rampage  .   (no gloves)
Will     .....     NoTele   +   (no boots)
Stlth    ++........             (no amulet)
HPRegen  0.14/turn              (no ring)
MPRegen  0.19/turn              (no ring)

@: no status effects
A: no striking features
a: Renounce Religion


You were in the Dungeon.
You worshipped Vehumet.
Vehumet was pleased with you.
You visited 1 branch You collected 532 gold pieces.

Inventory:

Hand Weapons
 d - a +3 scythe of freezing (weapon)
 i - a +0 club
Armour
 a - a +0 robe (worn)
Wands
 h - a wand of polymorph (11)
Scrolls
 g - 2 scrolls of blinking
 j - a scroll of identify {unknown}
Potions
 b - a potion of curing
 c - a potion of heal wounds
 e - 2 potions of magic
 f - a potion of berserk rage


   Skills:
 + Level 0.8 Fighting
 + Level 5.7 Dodging
 - Level 2.4 Stealth
 - Level 1.3 Unarmed Combat
 + Level 11.6 Spellcasting
 + Level 7.4 Conjurations
 * Level 16.4 Fire Magic


You had 13 spell levels left.
You knew the following spells:

 Your Spells              Type           Power      Damage    Failure   Level
a - Foxfire               Conj/Fire      100%       2x1d9     1%          1
b - Conjure Flame         Conj/Fire      62%        6-21      1%          3
c - Inner Flame           Hex/Fire       50%        N/A       1%          3
d - Sticky Flame          Conj/Fire      62%        2d8       1%          4
e - Fireball              Conj/Fire      31%        3d13      1%          5
f - Shock                 Conj/Air       100%       1d9       1%          1

Your spell library contained the following spells:

 Spells                   Type           Power      Damage    Failure   Level


Dungeon Overview and Level Annotations

Branches:
Dungeon (1/1)

Altars:
Cheibriados
Dithmenos
Elyvilon
Fedhas
Gozag
Hepliaklqana
Kikubaaqudgha
Makhleb
Nemelex Xobeh
Okawaru
Qazlal
Ru
Sif Muna
Trog
Uskayaw
Vehumet
Wu Jian
Xom
Yredelemnul
Zin
The Shining One
Jiyva
Lugonu

Shops:
D :?


Message History

Casting: Conjure Flame (safe; 1% risk of failure)
Confirm with . or Enter, or press ? or * to list all spells.
Aiming: Fireball (dangerous; 1% risk of failure)
Press: ? - help, Shift-Dir - straight line, f - deep troll
Aim: a deep troll (flame)
The fireball explodes!
The fireball engulfs the deep troll!
The deep troll is moderately wounded.
The deep troll is engulfed in blazing flames.
Casting: Fireball (dangerous; 1% risk of failure)
Confirm with . or Enter, or press ? or * to list all spells.
Aiming: Fireball (dangerous; 1% risk of failure)
Press: ? - help, Shift-Dir - straight line, f/p - deep troll
Aim: a deep troll (heavily wounded)
Okay, then.
Casting: Fireball (dangerous; 1% risk of failure)
Confirm with . or Enter, or press ? or * to list all spells.
Aiming: Sticky Flame (safe; 1% risk of failure)
Press: ? - help, Shift-Dir - straight line, f/p - deep troll
Aim: a deep troll (heavily wounded, 100% to hit)
The sticky flame hits the deep troll but does no damage.
The deep troll is heavily wounded.
The deep troll is covered in liquid flames!
The deep troll burns!
The deep troll bites you! The deep troll claws you. The deep troll claws you!
The deep troll burns!
The deep troll burns!
The deep troll burns!
The deep troll burns!
The deep troll stops burning.
There is an open door here.
Casting: Sticky Flame (safe; 1% risk of failure)
Confirm with . or Enter, or press ? or * to list all spells.
Aiming: Sticky Flame (safe; 1% risk of failure)
Press: ? - help, Shift-Dir - straight line, f/p - deep troll
Aim: a deep troll (severely wounded, 100% to hit)
The sticky flame hits the deep troll!
The deep troll is almost dead.
The deep troll is covered in liquid flames!
The deep troll burns!
The deep troll bites you!!
Ouch! That really hurt!
You die...

##########################
#<.#..[..#..'..#__#).'...#
#.['..#..'..#..'..)..#...#
#..#####'#####@#__####...+
#..####..#...#T#### #####
#).#__####..##.#
#..#_____##'#_.+
#⌠⌠#_.∩...'..._#
####_..__##_.#'#
#_____###'#.#
############)####+###
#∩........'...'$$.$$+


You could see a deep troll (burning).

Vanquished Creatures
  Sonja (D)
  2 kobold demonologists (D)
  A slime creature (D)
  Sigmund (D)
  A yak (D)
  A floating eye (D)
  An ogre (D)
  A jelly (D)
  Ijyb (D)
10 creatures vanquished.

Vanquished Creatures (others)
  A gargoyle (D)
  27 foxfires (D)
28 creatures vanquished.

Grand Total: 38 creatures vanquished

Notes
Turn   | Place    | Note
-------+----------+-------------------------------------------
     0 | D        | Hipnos the Deep Elf Fire Elementalist began the quest for
                  | the Orb.
     0 | D        | Reached XP level 1. HP: 10/10 MP: 6/6
     3 | D        | Noticed Ijyb
    11 | D        | Killed Ijyb
    12 | D        | Reached skill level 6 in Fire Magic
    12 | D        | Reached XP level 2. HP: 15/15 MP: 1/9
    75 | D        | Killed a gargoyle
   292 | D        | Noticed an ogre
   309 | D        | Killed an ogre
   310 | D        | Reached skill level 5 in Spellcasting
   310 | D        | Reached skill level 8 in Fire Magic
   310 | D        | Reached XP level 3. HP: 19/19 MP: 4/12
   310 | D        | Reached XP level 4. HP: 24/24 MP: 4/13
   562 | D        | Learned a level 3 spell: Conjure Flame
   566 | D        | Learned a level 3 spell: Inner Flame
   571 | D        | Learned a level 4 spell: Sticky Flame
   571 | D        | Noticed Sigmund
   582 | D        | Killed Sigmund
   583 | D        | Reached skill level 1 in Unarmed Combat
   583 | D        | Reached skill level 11 in Fire Magic
   583 | D        | Reached XP level 5. HP: 16/28 MP: 8/16
   583 | D        | Reached XP level 6. HP: 18/32 MP: 9/18
   744 | D        | Learned a level 5 spell: Fireball
   744 | D        | Found an ornate altar of the Wu Jian Council.
   744 | D        | Found a shimmering blue altar of Sif Muna.
   746 | D        | Found a radiant altar of Vehumet.
   757 | D        | Became a worshipper of Vehumet
   779 | D        | Found Rippoal's Magic Scroll Emporium.
   779 | D        | Found an ancient bone altar of Kikubaaqudgha.
   779 | D        | Found a hazy altar of Hepliaklqana.
   779 | D        | Found a stormy altar of Qazlal.
   779 | D        | Found a hide-covered altar of Uskayaw.
   779 | D        | Found a blossoming altar of Fedhas.
   779 | D        | Found a bloodstained altar of Trog.
   779 | D        | Found an iron altar of Okawaru.
   779 | D        | Found a basalt altar of Yredelemnul.
   779 | D        | Found a glowing golden altar of the Shining One.
   779 | D        | Found a snail-covered altar of Cheibriados.
   779 | D        | Found a sacrificial altar of Ru.
   779 | D        | Found a glowing silver altar of Zin.
   779 | D        | Found a shadowy altar of Dithmenos.
   779 | D        | Found a white marble altar of Elyvilon.
   779 | D        | Noticed a yak
   785 | D        | Killed a yak
   786 | D        | Reached skill level 5 in Dodging
   786 | D        | Reached skill level 13 in Fire Magic
   789 | D        | Found an opulent altar of Gozag.
   790 | D        | Found a sparkling altar of Nemelex Xobeh.
   885 | D        | Found a burning altar of Makhleb.
   885 | D        | Found a viscous altar of Jiyva.
   885 | D        | Found a shimmering altar of Xom.
   885 | D        | Found a corrupted altar of Lugonu.
   885 | D        | Noticed a slime creature
   901 | D        | Killed a slime creature
   902 | D        | Reached XP level 7. HP: 30/36 MP: 4/21
  1022 | D        | Noticed a kobold demonologist
  1023 | D        | Noticed a kobold demonologist
  1025 | D        | Reached * piety under Vehumet
  1025 | D        | Offered knowledge of Sandblast by Vehumet.
  1026 | D        | Reached skill level 5 in Conjurations
  1026 | D        | Reached skill level 14 in Fire Magic
  1027 | D        | Noticed a red devil
  1034 | D        | Noticed a smoke demon
  1034 | D        | Killed a kobold demonologist
  1035 | D        | Reached skill level 10 in Spellcasting
  1037 | D        | Noticed a sixfirhy
  1037 | D        | Killed a kobold demonologist
  1038 | D        | Reached skill level 15 in Fire Magic
  1038 | D        | Reached XP level 8. HP: 12/42 MP: 2/24
  1282 | D        | Noticed Sonja
  1286 | D        | Killed Sonja
  1286 | D        | Reached ** piety under Vehumet
  1286 | D        | Offered knowledge of Shock by Vehumet.
  1287 | D        | Reached skill level 16 in Fire Magic
  1289 | D        | Learned a level 1 spell: Shock
  1415 | D        | Found Gopnuomun's Book Boutique.
  1555 | D        | Noticed a deep troll
  1567 | D        | Mangled by a deep troll

Illustrated notes

Levels and vault maps discovered:
D:        dungeon_sprint_1 [red_sonja_temple_1, red_sonja_temple_small_1]

Skill      XL: |  1  2  3  4  5  6  7  8 |
---------------+-------------------------+-----
Dodging        | 3 4 5 |  5.7
Spellcasting   | 4 5 7 9 10 11 | 11.6
Fire Magic     | 6 8 11 13 15 16 | 16.4
Conjurations   | 2 3 4 6 7 |  7.4
Unarmed Combat | 1 |  1.3
Fighting       | |  0.8
Stealth        | |  2.4

Action                   |  1- 3 |  4- 6 |  7- 9 || total
-------------------------+-------+-------+-------++-------
Melee: Unarmed           |     3 |       |       ||     3
       Scythe            |       |       |     1 ||     1
 Cast: Foxfire           |    12 |     6 |     1 ||    19
       Fireball          |       |     5 |     6 ||    11
       Sticky Flame      |       |     1 |     5 ||     6
       Conjure Flame     |       |     1 |     1 ||     2
  Use: Potion            |     1 |       |       ||     1
Armor: Skin              |     1 |       |       ||     1
       Robe              |       |       |     1 ||     1
Dodge: Dodged            |     3 |     2 |     3 ||     8
